AoeStats
← 星之清风

Arena

509037545Analyzed
4v4 RM · 6d ago on Sep 25, 2026· 42m 7s· 8 players
Game mode
Random Map
Map size
Large (8 player)
Population
200
Speed
Normal
Resources
Standard
Victory
Conquest
Starting age
Dark Age
Ending age
Imperial Age
RankedLock teamsTeams togetherTeam positionsShared explorationLock speedFull tech treeHidden civsTurbo modeCheats
Victory
Defeat
🇨🇳 Poles · China
957
+13
🇨🇳 Byzantines · China
950
+13
🇹🇼 Persians · Taiwan
937
+14
🇹🇼 Khmer · Taiwan
866
+17
🇲🇽 Franks · Mexico
930
-16
🇹🇷 Britons · Türkiye
890
-14
🇦🇺 Goths · Australia
873
-14
🇺🇸 Danes · United States
860
-13
rose654852
10:56 Feudal Age
13:45 Stone Mining
16:04 Castle Age
21:38 Loom
25:05 Horse Collar
25:11 Double-Bit Axe
25:18 Gold Mining
26:04 Stone Shaft Mining
26:06 Wheelbarrow
31:42 Imperial Age
30:11 Gold Shaft Mining
31:59 Ballistics
31:43 Padded Archer Armor
31:33 Fletching
32:02 Hand Cart
31:39 Town Watch
32:02 Heavy Plow
32:15 Bow Saw
33:59 Bodkin Arrow
34:20 Leather Archer Armor
34:31 Conscription
34:13 Double Crossbow
35:42 Hoardings
37:49 Town Patrol
37:58 Bracer
38:28 Ring Archer Armor
39:01 Chemistry
38:13 Masonry
39:01 Crop Rotation
40:06 Forging
39:56 Scale Mail Armor
40:02 Scale Barding Armor
40:07 Elite Ballista Elephant
41:23 Hoardings
恰似
11:31 Feudal Age
12:01 Double-Bit Axe
13:13 Horse Collar
18:28 Castle Age
19:26 Bow Saw
22:07 Heavy Plow
25:12 Gold Mining
25:12 Stone Mining
25:58 Husbandry
26:18 Bloodlines
28:02 Scale Mail Armor
29:55 Stone Shaft Mining
29:45 Forging
29:40 Scale Barding Armor
31:11 Gold Shaft Mining
31:16 Iron Casting
31:07 Chain Mail Armor
34:30 Chain Barding Armor
36:44 Imperial Age
34:13 Loom
35:05 Wheelbarrow
35:04 Fletching
35:15 Padded Archer Armor
35:50 Ballistics
35:30 Murder Holes
35:45 Masonry
35:57 Thumb Ring
35:13 Crossbowman
38:16 Blast Furnace
37:51 Plate Barding Armor
36:41 Cavalier
38:07 Plate Mail Armor
38:11 Conscription
39:25 Crop Rotation
39:56 Two-Man Saw
38:37 Savar
39:45 Leather Archer Armor
39:25 Bodkin Arrow
40:34 Chemistry
39:51 Man-at-Arms
39:51 Pikeman
40:31 Squires
40:17 Gambesons
40:17 Arson
41:11 Halberdier
42:58 Ring Archer Armor
haruka
8:51 Feudal Age
9:21 Double-Bit Axe
15:23 Castle Age
13:47 Stone Mining
25:13 Horse Collar
28:05 Bow Saw
28:36 Fletching
32:19 Bodkin Arrow
33:20 Wheelbarrow
34:06 Elite Skirmisher
38:51 Imperial Age
37:56 Scale Barding Armor
38:38 Ballistics
39:29 Hand Cart
39:51 Bracer
40:02 Forging
41:49 Padded Archer Armor
42:52 Two-Man Saw
41:44 Gold Mining
星之清风
11:49 Feudal Age
15:33 Castle Age
13:36 Horse Collar
14:36 Double-Bit Axe
14:45 Stone Mining
15:24 Loom
16:50 Bow Saw
17:05 Heavy Plow
19:30 Town Watch
24:16 Forging
24:07 Scale Mail Armor
24:14 Scale Barding Armor
26:46 Wheelbarrow
28:05 Szlachta Privileges
27:28 Pikeman
28:06 Gold Mining
32:16 Imperial Age
30:11 Bloodlines
30:47 Hand Cart
30:59 Husbandry
31:22 Chain Barding Armor
33:05 Iron Casting
32:44 Cavalier
32:56 Capped Ram
34:09 Conscription
35:49 Blast Furnace
34:16 Siege Ram
35:53 Hoardings
36:14 Light Cavalry
37:18 Lechitic Legacy
39:34 Chain Mail Armor
38:42 Elite Obuch
gaaraofbenton10
0:45 Loom
11:52 Feudal Age
12:21 Horse Collar
13:19 Double-Bit Axe
14:10 Arson
17:36 Man-at-Arms
19:47 Scale Mail Armor
21:49 Castle Age
22:21 Long Swordsman
23:03 Gambesons
23:40 Forging
23:45 Chain Mail Armor
26:41 Gold Mining
27:37 Pikeman
29:08 Wheelbarrow
29:16 Gold Shaft Mining
28:52 Heavy Plow
30:02 Bow Saw
36:44 Imperial Age
36:46 Halberdier
40:19 Iron Casting
42:20 Blast Furnace
41:51 Plate Mail Armor
rick_m94
10:53 Feudal Age
16:06 Castle Age
19:27 Double-Bit Axe
21:26 Pikeman
21:51 Gambesons
22:06 Squires
23:40 Wheelbarrow
25:03 Hand Cart
25:39 Bow Saw
27:22 Scale Barding Armor
27:29 Forging
27:20 Husbandry
27:16 Stone Mining
27:18 Gold Mining
28:18 Town Watch
28:21 Loom
32:15 Gold Shaft Mining
31:59 Town Patrol
35:35 Imperial Age
34:56 Chain Barding Armor
35:12 Iron Casting
36:14 Treadmill Crane
36:55 Ballistics
37:36 Chemistry
37:15 Plate Barding Armor
36:45 Chivalry
37:08 Conscription
38:11 Blast Furnace
36:35 Cavalier
38:01 Paladin
38:50 Murder Holes
40:19 Fortified Wall
40:18 Scale Mail Armor
39:40 Halberdier
chase_tips0n
11:54 Feudal Age
16:57 Castle Age
15:03 Man-at-Arms
16:30 Double-Bit Axe
17:28 Long Swordsman
29:13 Wheelbarrow
33:42 Imperial Age
32:04 Bow Saw
35:01 Forging
Ultimarte
9:47 Feudal Age
10:20 Double-Bit Axe
12:20 Wheelbarrow
13:36 Stone Mining
14:37 Gold Mining
17:46 Castle Age
15:54 Horse Collar
23:58 Fletching
24:15 Crossbowman
28:28 Ballistics
28:35 Bodkin Arrow
35:04 Imperial Age
35:22 Hand Cart
35:51 Gold Mining
37:33 Bracer
37:36 Padded Archer Armor
38:33 Gold Shaft Mining
40:16 Leather Archer Armor
39:44 Treadmill Crane
39:59 Murder Holes
41:05 Chemistry
Connection lost

Rejoining the realm…

Still unreachable

The connection could not be restored.

Session expired

The server has moved on; the page needs a fresh start.